cohdb
Replays
Latest Replays
All Replays
Popular Replays
Top Player Replays
Match Explorer
How It Works
Community
CoH3 Stats
Reddit
Sign in to upload your games and track your stats! →
Sign in with Steam
Match 40337417
Unlisted
Match 40337417
Overview
Messages
Build Orders
End
Panzergrenadier Squad
250 Light Carrier
Selects Panzerjäger Kommand Battlegroup
Panzergrenadier Squad
Construct Light Support Kompanie
MG34 Team
Fire Support Elements
Selects Mine Fields
Veteran Squad Leaders
Selects Tank Busters
Flakvierling Half-track
Raiden
Yosugami
Gravey
fmes12
thecrazycowboygeneral
Mr Seacucumber
0
0
Comments
sign in to comment!
No comments posted yet!